 Dungeon Crawl Stone Soup version 0.22.1-1-ga44c0e5 (webtiles) character file.

24823 Lavandula the Severer (level 12, -5/96 HPs)
             Began as a Centaur Berserker on Nov 11, 2018.
             Was a High Priest of Trog.
             Killed from afar by a gargoyle (24 damage)
             ... with a stone arrow
             ... in a volcano.
             The game lasted 00:51:08 (8753 turns).

Lavandula the Severer (Centaur Berserker)           Turns: 8753, Time: 00:51:08

Health: -5/96      AC: 12    Str: 32    XL:     12   Next: 84%
Magic:  7/7        EV: 11    Int: 12    God:    Trog [*****.]
Gold:   260        SH:  3    Dex:  9    Spells: 11/11 levels left

rFire    + + +     SeeInvis .   g - +6 hand axe of the Establishment {antimagic, rF+ Int+6}
rCold    + . .     Gourm    .   (no shield)
rNeg     . . .     Faith    .   v - +3 scale mail of Action {rF++ rCorr Str+4}
rPois    .         Spirit   .   (no helmet)
rElec    .         Reflect  +   A - scarf {rC+ rF+}
rCorr    +         Harm     .   C - +1 pair of gloves {Str+3}
MR       ++...                  (no barding)
Stlth    ..........             h - +3 amulet of reflection
HPRegen  1.26/turn              u - ring of magical power
MPRegen  0.10/turn              (no ring)

@: berserk cooldown, regenerating, hasted and slowed, very quick
A: large, hooves 3, deformed body, speed 2, tough skin 3
a: Berserk, Trog's Hand, Brothers in Arms, Renounce Religion


You were in a volcano.
You worshipped Trog.
Trog was extremely pleased with you.
You were near starving.

You visited 3 branches of the dungeon, and saw 16 of its levels.
You also visited: Ossuary and Volcano.

You collected 1117 gold pieces.
You spent 857 gold pieces at shops.

Inventory:

Hand Weapons
 d - a +3 battleaxe of electrocution
 g - the +6 hand axe of the Establishment (weapon) {antimagic, rF+ Int+6}
   (You found it on level 9 of the Dungeon)

   It reduces the magical energy of the wielder, and disrupts the spells and
   magical abilities of those hit.
   Natural abilities and divine invocations are not affected.
   It affects your intelligence (+6).
   It protects you from fire.
 q - a +2 vampiric spear
 x - a +3 hunting sling of velocity
 G - a +2 hand axe of flaming
Missiles
 f - 30 tomahawks (quivered)
 s - 5 throwing nets
Armour
 b - +0 fire dragon scales
 j - a +0 leather armour of cold resistance
 v - the +3 scale mail of Action (worn) {rF++ rCorr Str+4}
   (You bought it in a shop on level 2 of the Orcish Mines)

   It affects your strength (+4).
   It greatly protects you from fire.
   It provides partial protection from all sources of acid and corrosion.
 A - a scarf of resistance (worn)
 C - a +1 pair of gloves of strength (worn)
 F - a +0 scale mail of fire resistance
 H - a +4 scale mail of positive energy
 K - a +1 leather armour of fire resistance
Jewellery
 h - a +3 amulet of reflection (around neck)
 u - a ring of magical power (left hand)
Scrolls
 e - 2 scrolls of teleportation
 r - 2 scrolls of magic mapping
 y - 3 scrolls of remove curse
 B - 2 scrolls of enchant armour {unknown}
Potions
 i - 2 potions of ambrosia {unknown}
 k - 2 potions of curing
 l - a potion of brilliance {unknown}
 n - a potion of lignification {unknown}
 o - 5 potions of heal wounds {unknown}
 p - 3 potions of resistance
 t - a potion of magic {unknown}
 w - 2 potions of agility {unknown}
Miscellaneous
 a - a lamp of fire
Comestibles
 c - 16 rations
 m - 3 chunks of flesh


   Skills:
 - Level 6.1 Fighting
 + Level 16.2 Axes
 - Level 4.3 Armour
 - Level 6.5 Dodging
 - Level 2.8 Evocations


You had 11 spell levels left.
You didn't know any spells.
Your spell library contained the following spells:

 Spells                   Type           Power        Failure   Level  Hunger
 Animate Skeleton         Necr           N/A          54%         1    ##.....
 Apportation              Tloc           #.....       54%         1    ##.....
 Confusing Touch          Hex            #.....       54%         1    ##.....
 Summon Small Mammal      Summ           #...         54%         1    ##.....


Dungeon Overview and Level Annotations

Branches:
Dungeon (12/15)            Temple (0/1) D:4            Lair (2/6) D:9
 Shoals (0/4) Lair:2          Orc (2/2) D:11            Elf (0/3) Orc:2
  Snake: Lair:2-4    Spider: Lair:2-4

Altars:
Wu Jian

Shops:
Orc:1 (   Orc:2 :[(%

Annotations:
D:9 vault


Innate Abilities, Weirdness & Mutations

You have hooves in place of feet.
Armour fits poorly on your strangely shaped body.
You cover ground very quickly.
You have extremely tough skin. (AC +3)


Message History

The harpy skeleton claws you. The harpy skeleton misses you.
The harpy skeleton claws you but does no damage.
The harpy skeleton claws you.
* * * LOW HITPOINT WARNING * * *
The gargoyle closely misses you. The harpy skeleton closely misses you.
The harpy skeleton claws you!
* * * LOW HITPOINT WARNING * * *
The harpy skeleton closely misses you. The harpy skeleton claws you.
* * * LOW HITPOINT WARNING * * *
You feel yourself speed up.
You feel the effects of Trog's Hand fading.
The harpy skeleton completely misses you.
You block the harpy skeleton's attack.
The harpy skeleton claws you but does no damage.
The harpy skeleton barely misses you.
The harpy skeleton claws you but does no damage.
The harpy skeleton barely misses you. x3
The gargoyle hurls a stone arrow at you.
The stone arrow hits you!
You die...

## ##### ###. #...#
###§.. ###.∩.## ###..§§.
###......#######.§..§..
..........##....§..§.≈
#.#..#.###§≈§.§§≈≈≈≈§
#....9.)..§§..§§§≈≈§≈
###.#Z@#.###§§...§≈§§§§
......Z..)..##...§§≈§§§§
####......######≈§§≈≈≈§§
##.##.## ##§§≈§§§§ #.
#.# ##§≈≈§≈§ #. #.#
#≈≈§≈§ . #.. ##≈§≈ . #..
#§≈ #$$


You could see a gargoyle and 2 harpy skeletons.

Vanquished Creatures
  An orc warlord (Orc:2)
  Snorg (D:11)
  A fire dragon (D:9)
  2 two-headed ogres
  4 orc high priests (Orc:2)
  A skeletal warrior (Volcano)
  Pikel (D:8)
  An orc knight (Orc:2)
  An ugly thing (D:11)
  An anaconda skeleton (Volcano)
  2 orc sorcerers (Orc:2)
  An elephant (D:9)
  A spiny frog (Lair:1)
  A gargoyle (Volcano)
  A rime drake (Lair:1)
  A komodo dragon (D:10)
  A queen bee (D:11)
  A hornet (D:10)
  2 hippogriffs
  2 flying skulls (Volcano)
  A shadow (D:10)
  An alligator skeleton (Volcano)
  6 yaks
  A spriggan (D:9)
  A wyvern (D:10)
  A basilisk (D:9)
  4 wargs
  5 water moccasins
  25 orc warriors
  A sky beast (D:11)
  4 ice beasts
  10 ogres
  3 phantoms
  5 centaurs
  3 crocodiles
  A big kobold (D:10)
  13 bullfrogs
  A wyvern skeleton (D:10)
  4 scorpions
  19 killer bees
  An electric eel (Lair:1)
  2 howler monkeys
  A troll skeleton (Volcano)
  5 crimson imps
  2 centaur zombies
  2 centaur skeletons
  29 orc priests
  3 jellies
  38 orc wizards
  3 gnoll shamans
  4 hounds
  5 human zombies (Ossuary)
  2 iguanas
  3 worker ants
  A big kobold zombie (Ossuary)
  A hound zombie (D:5)
  A naga skeleton (Volcano)
  A hound skeleton (D:6)
  3 mummies
  12 gnolls
  9 adders
  4 shadow imps
  An ooze (D:2)
  An adder zombie (Ossuary)
  3 dart slugs
  2 leopard geckos
  99 orcs
  A bat (D:2)
  3 giant cockroaches
  4 goblins
  7 hobgoblins
  5 jackals
  8 kobolds
  2 quokkas
  3 frilled lizards
  12 hobgoblin zombies (Ossuary)
  9 kobold zombies (Ossuary)
  A leopard gecko skeleton (D:4)
  6 orc zombies (Ossuary)
  2 rats (D:3)
  A rat zombie (Ossuary)
438 creatures vanquished.

Vanquished Creatures (collateral kills)
  Harold (Orc:1)
  A crocodile (D:10)
  A killer bee (D:10)
3 creatures vanquished.

Vanquished Creatures (others)
  An orc wizard (Orc:2)
  2 orcs
  2 fungi
  A plant (Lair:1)
6 creatures vanquished.

Grand Total: 447 creatures vanquished

Notes
Turn   | Place    | Note
-------+----------+-------------------------------------------
     0 | D:1      | Lavandula the Centaur Berserker began the quest for the
                  | Orb.
     0 | D:1      | Reached XP level 1. HP: 19/19 MP: 1/1
     9 | D:1      | Reached skill level 3 in Axes
   135 | D:1      | Reached XP level 2. HP: 17/26 MP: 2/2
   651 | D:3      | Reached XP level 3. HP: 26/31 MP: 3/3
   712 | D:3      | Reached ** piety under Trog
   713 | D:3      | Reached skill level 4 in Axes
   910 | D:4      | Reached XP level 4. HP: 31/38 MP: 4/4
   910 | D:4      | Noticed an ogre
   919 | D:4      | Killed an ogre
   919 | D:4      | Reached skill level 5 in Axes
   919 | D:4      | Reached XP level 5. HP: 34/45 MP: 5/5
   957 | D:5      | Entered Level 5 of the Dungeon
  1064 | D:4      | Reached skill level 6 in Axes
  1124 | D:4      | Reached XP level 6. HP: 51/51 MP: 6/6
  1294 | D:4      | Reached skill level 7 in Axes
  1304 | D:4      | Reached XP level 7. HP: 57/57 MP: 7/7
  1337 | D:4      | Found a staircase to the Ecumenical Temple.
  1456 | D:4      | Reached *** piety under Trog
  1664 | D:6      | Reached skill level 8 in Axes
  1697 | D:6      | Found a sand-covered staircase.
  1775 | Ossuary  | Entered an ossuary
  1941 | Ossuary  | Reached **** piety under Trog
  1973 | Ossuary  | Reached XP level 8. HP: 39/63 MP: 8/8
  2355 | D:6      | Noticed a two-headed ogre
  2395 | D:6      | Killed a two-headed ogre
  2395 | D:6      | Reached skill level 10 in Axes
  2395 | D:6      | Reached XP level 9. HP: 48/69 MP: 9/9
  2617 | D:7      | Reached ***** piety under Trog
  2855 | D:7      | Reached skill level 11 in Axes
  3085 | D:8      | Noticed Pikel
  3102 | D:8      | Killed Pikel
  3102 | D:8      | Reached skill level 12 in Axes
  3221 | D:7      | Reached XP level 10. HP: 77/77 MP: 10/10
  3514 | D:9      | Noticed a fire dragon
  3554 | D:9      | Killed a fire dragon
  3554 | D:9      | Reached skill level 5 in Fighting
  3801 | D:10     | Entered Level 10 of the Dungeon
  4255 | D:12     | Noticed a cyclops
  4276 | D:11     | Reached skill level 5 in Dodging
  4389 | D:11     | Noticed a green ugly thing
  4408 | D:11     | Killed a green ugly thing
  4506 | D:11     | Found a staircase to the Orcish Mines.
  4508 | D:11     | Noticed Snorg
  4581 | D:11     | Killed Snorg
  4581 | D:11     | Reached XP level 11. HP: 89/89 MP: 11/11
  4640 | D:11     | Received a gift from Trog
  4808 | D:11     | Reached skill level 1 in Evocations
  5207 | Orc:1    | Entered Level 1 of the Orcish Mines
  5289 | Orc:1    | Received a gift from Trog
  5684 | Orc:1    | Noticed Harold
  5695 | Orc:1    | Killed Harold
  5695 | Orc:1    | Reached skill level 13 in Axes
  5864 | Orc:1    | Found Ahiden's Antique Weapon Emporium.
  6102 | Orc:2    | Entered Level 2 of the Orcish Mines
  6105 | Orc:2    | Noticed an orc sorcerer
  6114 | Orc:2    | Killed an orc sorcerer
  6437 | Orc:2    | Noticed an orc high priest
  6528 | Orc:2    | Killed an orc high priest
  6555 | Orc:2    | Noticed an orc high priest
  6614 | Orc:2    | Killed an orc high priest
  6614 | Orc:2    | Reached skill level 14 in Axes
  6668 | Orc:2    | Noticed an orc high priest
  6689 | Orc:2    | Killed an orc high priest
  6689 | Orc:2    | Reached XP level 12. HP: 96/96 MP: 14/14
  6741 | Orc:2    | Found Otarilal's Antique Weapon Emporium.
  6741 | Orc:2    | Found Ojunkeustu's Book Shoppe.
  6742 | Orc:2    | Found Vimeh's Antique Armour Shoppe.
  6747 | Orc:2    | Found Vawal's Food Emporium.
  6893 | Orc:2    | Noticed an orc high priest
  6925 | Orc:2    | Killed an orc high priest
  7028 | Orc:2    | Received a gift from Trog
  7101 | Orc:2    | Reached ****** piety under Trog
  7146 | Orc:2    | Noticed an orc warlord
  7193 | Orc:2    | Killed an orc warlord
  7193 | Orc:2    | Reached skill level 15 in Axes
  7351 | Orc:2    | Found a staircase to the Elven Halls.
  7438 | Orc:2    | Bought an ichor-stained scale mail for 315 gold pieces
  7438 | Orc:2    | Bought an embroidered scarf for 280 gold pieces
  7458 | Orc:2    | Identified the +3 scale mail of Action {rF++ rCorr Str+4}
                  | (You bought it in a shop on level 2 of the Orcish Mines)
  7458 | Orc:2    | Bought a pair of glowing gloves for 262 gold pieces
  7877 | D:9      | Got a brightly glowing hand axe
  8012 | D:9      | Noticed a two-headed ogre
  8026 | D:9      | Found a staircase to the Lair.
  8172 | D:9      | Killed a two-headed ogre
  8248 | Lair:1   | Entered Level 1 of the Lair of Beasts
  8358 | Lair:1   | Found an ornate altar of the Wu Jian Council.
  8623 | Lair:2   | Found a staircase to the Shoals.
  8645 | Lair:2   | Found a dark tunnel.
  8650 | Volcano  | Entered a volcano
  8659 | Volcano  | Identified the +6 hand axe of the Establishment {antimagic,
                  | rF+ Int+6} (You found it on level 9 of the Dungeon)
  8697 | Volcano  | Received a gift from Trog
  8732 | Volcano  | Reached skill level 16 in Axes
  8753 | Volcano  | Killed from afar by a gargoyle

Skill      XL: |  1  2  3  4  5  6  7  8  9 10 11 12 |
---------------+-------------------------------------+-----
Axes           | 3 4 5 6 7 8 10 12 14 16 | 16.2
Armour         | 3 4 |  4.3
Fighting       | 6 |  6.1
Dodging        | 6 |  6.5
Evocations     | 2 |  2.8

Action                   |  1- 3 |  4- 6 |  7- 9 | 10-12 || total
-------------------------+-------+-------+-------+-------++-------
Melee: Hand axe          |    78 |    15 |       |    37 ||   130
       Kick              |     9 |    18 |   120 |   332 ||   479
       Spear             |       |    55 |   509 |  1393 ||  1957
Throw: Javelin           |       |       |       |     4 ||     4
       Tomahawk          |       |       |       |     2 ||     2
Invok: Berserk           |     2 |     1 |     3 |    20 ||    26
       Trog's Hand       |       |       |     3 |    15 ||    18
       Brothers in Arms  |       |       |       |     2 ||     2
Evoke: Wand              |       |       |       |    11 ||    11
  Use: Scroll            |       |     3 |     6 |    10 ||    19
       Potion            |       |       |       |     6 ||     6
 Stab: Distracted        |       |       |     1 |     1 ||     2
  Eat: Ration            |       |     2 |     1 |     4 ||     7
       Chunk             |       |     2 |     6 |    26 ||    34
Armor: Animal skin       |    19 |       |       |       ||    19
       Plate armour      |     6 |    18 |   141 |     3 ||   168
       Fire dragon scale |       |       |       |   218 ||   218
       Scale mail        |       |       |       |   137 ||   137
Dodge: Dodged            |    35 |     9 |    69 |   345 ||   458
Block: Other             |     4 |     6 |    30 |    88 ||   128
       Reflection        |       |     1 |       |     2 ||     3
